 Dungeon Crawl Stone Soup version 0.29.1-1-gd02db6906a (webtiles) character file.

Game seed: 4717933948413489317

6 Demigod47 the Shield-Bearer (level 1, 0/20 HPs)
             Began as a Minotaur Fighter on Oct 7, 2022.
             Frozen to death by an endoplasm (4 damage)
             ... on level 1 of the Dungeon.
             The game lasted 00:00:33 (87 turns).

Demigod47 the Shield-Bearer (Minotaur Fighter)        Turns: 87, Time: 00:00:34

Health: 0/20       AC:  7    Str: 20    XL:     1   Next: 75%
Magic:  0/0        EV:  9    Int:  5    God:
Gold:   0          SH:  4    Dex:  9    Spells: 0/0 levels left

rFire   . . .      SeeInvis .   a - +0 flail
rCold   . . .      Faith    .   c - +0 buckler
rNeg    . . .      Spirit   .   b - +0 scale mail
rPois   .          Reflect  .   (helmet restricted)
rElec   .          Harm     .   (no cloak)
rCorr   .          Rampage  .   (no gloves)
Will    .....                   (no boots)
Stlth   ..........              (no amulet)
HPRegen 0.06/turn               (no ring)
MPRegen 0.07/turn               (no ring)

@: mighty
A: horns 2, retaliatory headbutt
a: no special abilities


You were on level 1 of the Dungeon.
You visited 1 branch of the dungeon, and saw 1 of its levels.

Inventory:

Hand Weapons
 a - a +0 flail (weapon)
Armour
 b - a +0 scale mail (worn)
 c - a +0 buckler (worn)
Potions
 e - a potion of attraction {unknown}


   Skills:
 + Level 3.8 Fighting
 + Level 2.5 Maces & Flails
 + Level 3.8 Armour
 + Level 3.8 Shields


You couldn't memorise any spells.
You didn't know any spells.
Your spell library contained the following spells:

 Spells                   Type           Power      Damage    Failure   Level
 Dazzling Flash           Conj/Hex       0%         N/A       99%         3
 Agony                    Necr           0%         N/A       100%        5
 Silence                  Hex/Air        0%         N/A       100%        5


Dungeon Overview and Level Annotations

Branches:
Dungeon (1/15)

Altars:


Innate Abilities, Weirdness & Mutations

You have a pair of horns on your head.
You reflexively headbutt those who attack you in melee.


Message History

The frilled lizard hisses angrily.
You hear a shout!
You block the hobgoblin's attack.
You closely miss the hobgoblin.
The hobgoblin hits you but does no damage.
You closely miss the hobgoblin. You block the hobgoblin's attack.
The endoplasm hits you but does no damage.
A hobgoblin comes into view.
You barely miss the hobgoblin. The endoplasm freezes you.
You are frozen.
You block the hobgoblin's attack. The endoplasm freezes you.
You are frozen.
The hobgoblin hits you.
You barely miss the hobgoblin.
You headbutt the hobgoblin, but do no damage.
You block the endoplasm's attack.
The hobgoblin hits you but does no damage.
You barely miss the hobgoblin.
A bat comes into view.
The quokka twitches its whiskers.
You block the endoplasm's attack. The hobgoblin hits you.
You block the frilled lizard's attack.
You barely miss the hobgoblin.
The hobgoblin hits you but does no damage.
The endoplasm hits you but does no damage.
The frilled lizard bites you but does no damage.
The hobgoblin barely misses you. The frilled lizard bites you.
* * * LOW HITPOINT WARNING * * *
The endoplasm freezes you.
You are frozen.
* * * LOW HITPOINT WARNING * * *
The frilled lizard attacks as you move away!
The frilled lizard barely misses you. The endoplasm attacks as you move away!
You block the endoplasm's attack. The bat barely misses you.
The hobgoblin closely misses you. The bat hits you but does no damage.
You feel very mighty all of a sudden. The bat hits you but does no damage.
You block the bat's attack. The endoplasm freezes you.
You are frozen.
You die...

.#...#...#.......
#.K.#...#...#...#.....
..#...#...#...#.......
#...#...#...#...#.##.# #
..#...#...#...#.......
..#...#...#...#.).#..###
#...#...#...#.†.#......#
..#...#...#...#...#..#..
#...#rb@#...#...#....#..
#...#.J.#...#...#.##.#
#...#.lg#...#...#...##..
..#...#g..#...#...#....#
#...#...#...#...#..###.#
..# ..#...#...#...## #.#
# .#...#...#..##.. ..#
.#(.#...#..... ###
#.###..#.....##


You could see an endoplasm, a quokka, 2 hobgoblins, a bat and a frilled lizard.

Vanquished Creatures
  A dart slug (D:1)
  A hobgoblin (D:1)
  A kobold (D:1)
  A rat (D:1)
4 creatures vanquished.

Notes
Turn   | Place    | Note
-------+----------+-------------------------------------------
     0 | D:1      | Demigod47 the Minotaur Fighter began the quest for the Orb.
     0 | D:1      | Reached XP level 1. HP: 19/19 MP: 0/0
    87 | D:1      | Frozen to death by an endoplasm

Illustrated notes

Levels and vault maps discovered:
D:1:      giann_forest_graveyard, layout_basic, hex_large

Action                   || total
-------------------------++-------
Melee: Flail             ||    15
       Headbutt          ||     2
  Use: Potion            ||     1
Armor: Scale mail        ||    13
Dodge: Dodged            ||    10
Block: Buckler           ||    13
